RedWings vs Bruins

Created - November-22-14 at 10:32

Goals
1 2 3 T
RedWings 2 2 0 4
Bruins 3 2 1 6
Shots
1 2 3 T
RedWings 3 12 13 28
Bruins 11 14 9 34

1st period

1. Bruins , Carl Soderberg 8 (Ryan Strome, Jay Bouwmeester) at 1:42
2. Bruins , Reilly Smith 2 (John Carlson, Andrew Ladd) at 2:08
3. RedWings , Sean Bergenheim 10 (Jake Gardiner, Paul Martin) at 3:23 (PP)
4. RedWings , Sam Gagner 7 (Loui Eriksson, Ondrej Palat) at 3:56
5. Bruins , Carl Soderberg 9 (John Carlson, Andrew Ladd) at 11:22 (PP)

Penalties :
Andrew Ladd (BOS) for Roughing (Minor) at 2:54, Ondrej Palat (DET) for Hooking (Minor) at 6:11, Eric Brewer (DET) for Interference (Minor) at 11:12, Andrew Ladd (BOS) for Roughing (Minor) at 11:47, Ondrej Palat (DET) for Interference (Minor) at 17:45, David Krejci (BOS) for Tripping (Minor) at 18:44

2nd period

6. Bruins , David Krejci 6 (Jay Bouwmeester, Torey Krug) at 0:59
7. Bruins , Jakub Voracek 9 (Zach Parise, John Carlson) at 3:17
8. RedWings , Sam Gagner 8 (Ondrej Palat, Loui Eriksson) at 13:07
9. RedWings , Tuomo Ruutu 4 (Joe Thornton) at 16:18

Penalties :
Niklas Kronwall (BOS) for Fighting (Major) at 3:03, Eric Brewer (DET) for Fighting (Major) at 3:03, Mark Fraser (DET) for Roughing (Minor) at 7:21, Mark Fraser (DET) for Holding (Minor) at 17:22

3rd period

10. Bruins , Torey Krug 5 (Jakub Voracek, Zach Parise) at 18:20

Penalties :
Torey Krug (BOS) for Roughing (Minor) at 2:44, Ryan Strome (BOS) for Roughing (Minor) at 10:29, Johnny Boychuk (BOS) for Roughing (Minor) at 14:08

Goalie Stats

Thomas Greiss (DET), 20 saves from 22 shots - (0.909), L, 2-6-0, 39:01 minutes
Roberto Luongo (DET), 8 saves from 12 shots - (0.667), 20:59 minutes
Tuukka Rask (BOS), 24 saves from 28 shots - (0.857), W, 10-5-1, 60:00 minutes

Players Stats for RedWings

Player Name              G  A  P  +/- PIM S  H  SB GA TA FO     MP     PP MP  PK MP  
------------------------------------------------------------------------------------
Alexandre Burrows        0  0  0  -1  0   0  1  0  0  0  1/2    15:44   5:13   2:13 
Andrew Cogliano          0  0  0   0  0   0  0  0  0  0  0/0     0:40   0:00   0:00 
Eric Brewer              0  0  0   0  7   1  1  1  0  0  0/0    23:08   3:52   3:07 
Erik Haula               0  0  0   0  0   0  0  0  0  0  0/0     0:00   0:00   0:00 
Hal Gill                 0  0  0  -1  0   0  2  2  0  0  0/0    11:19   0:00   0:34 
Jake Gardiner            0  1  1  -1  0   5  0  1  0  0  0/0    27:48   5:32   4:03 
Joe Thornton             0  1  1  -1  0   4  0  0  0  0  23/38  24:09   5:13   4:53 
Kevin Connauton          0  0  0   0  0   1  0  0  0  0  0/0     9:52   0:00   2:31 
Loui Eriksson            0  2  2   0  0   3  0  1  0  0  1/3    21:46   5:13   0:00 
Mark Arcobello           0  0  0  -1  0   0  0  0  0  0  8/15   12:29   4:11   0:00 
Mark Fraser              0  0  0  -1  4   1  2  0  0  0  0/0    21:28   4:07   1:21 
Ondrej Palat             0  2  2   0  4   0  3  0  0  0  1/1    17:11   0:00   0:00 
Paul Martin              0  1  1  -1  0   0  0  2  0  0  0/0    26:21   5:17   2:36 
Sam Gagner               2  0  2   0  0   3  1  0  0  0  15/28  19:26   0:00   2:13 
Sean Bergenheim          1  0  1  -1  0   4  1  0  0  0  0/0    23:02   4:11   4:48 
Tuomo Ruutu              1  0  1  -1  0   2  3  0  0  0  1/2    22:15   4:11   0:05 
Tyler Toffoli            0  0  0  -1  0   4  0  0  0  0  1/1    12:14   0:00   0:00 
Ville Leino              0  0  0   0  0   0  0  0  0  0  0/0     2:56   0:00   0:00 

Players Stats for Bruins

Player Name              G  A  P  +/- PIM S  H  SB GA TA FO     MP     PP MP  PK MP  
------------------------------------------------------------------------------------
Andrew Ladd              0  2  2   1  4   3  5  0  0  0  1/4    19:55   3:45   2:29 
Brad Marchand            0  0  0   1  0   1  1  1  0  0  0/0     8:59   0:00   0:00 
Brock Nelson             0  0  0  -1  0   1  1  0  0  0  0/0     5:02   0:00   1:00 
Carl Hagelin             0  0  0  -1  0   1  1  2  0  0  0/1    10:07   0:00   6:05 
Carl Soderberg           2  0  2   1  0   4  0  0  0  0  5/14   14:54   3:45   2:52 
David Krejci             1  0  1   1  2   2  2  0  0  0  9/18   19:57   3:20   0:00 
Dougie Hamilton          0  0  0  -2  0   0  3  3  0  0  0/0    22:14   0:00   4:08 
Jakub Voracek            1  1  2   1  0   2  0  0  0  0  0/5    19:58   3:21   0:00 
Jay Bouwmeester          0  2  2   3  0   0  1  1  0  0  0/0    18:46   3:13   5:36 
John Carlson             0  3  3   2  0   2  2  0  0  0  0/0    23:37   3:53   5:16 
Johnny Boychuk           0  0  0   1  2   2  2  3  0  0  0/0    23:25   3:13   2:57 
Niklas Kronwall          0  0  0  -3  5   2  0  0  0  0  0/0    18:10   0:00   0:51 
Patrice Bergeron         0  0  0   1  0   2  0  1  0  0  19/31  20:05   0:00   6:22 
Reilly Smith             1  0  1   1  0   3  0  0  0  0  0/0    13:43   0:00   0:00 
Ryan Spooner             0  0  0  -1  0   1  0  0  0  0  5/14    7:47   3:45   0:00 
Ryan Strome              0  1  1   1  2   0  0  0  0  0  0/1     8:16   0:00   0:00 
Torey Krug               1  1  2   3  2   4  2  0  0  0  0/0    13:45   3:53   0:00 
Zach Parise              0  2  2   1  0   4  2  0  0  0  0/2    20:49   3:21   0:00 

3 Stars

1 - Carl Soderberg (BOS)
2 - John Carlson (BOS)
3 - Sam Gagner (DET)

Power Play

RedWings - 1 on 6 Attempt(s) - 16.67%
Bruins - 1 on 5 Attempt(s) - 20.00%

Penalty Kill

RedWings - 4 on 5 Attempt(s) - 80.00% - Score 0 goal in Penalty Kill
Bruins - 5 on 6 Attempt(s) - 83.33% - Score 0 goal in Penalty Kill

Official

Referees : Dennis LaRue and Francois StLaurent
Linesman : Bryan Pancich and Mark Shewchyk

Game Notes

Thomas Greiss enters game at 0:59 of 2nd period
Niklas Kronwall and Eric Brewer fight to a draw at 3:03 of 2nd period

Finance

Level 1 -- Attendance: 4663 (71.74%) -- Ticket Income $512,930
Level 2 -- Attendance: 4427 (88.54%) -- Ticket Income $332,025
Level 3 -- Attendance: 3472 (99.20%) -- Ticket Income $194,432
Level 4 -- Attendance: 1565 (100.00%) -- Ticket Income $62,600
Luxury Box -- Attendance: 918 (91.80%) -- Ticket Income $182,682
Game was played at the TD Garden
Total Attendance: 15045 (85.65%)
Total Ticket Income: $1,284,669
Other Income: $192,700
Total Income: $1,477,369

% Time on Ice - RedWings

Lines # - Real PCT - Wanted PCT - Time Play
Normal Forward
1 - 41% - 45% - 17:13
2 - 33% - 35% - 14:03
3 - 20% - 15% - 8:18
4 - 7% - 5% - 2:56
Normal Defense
1 - 42% - 40% - 17:52
2 - 17% - 30% - 7:04
3 - 25% - 20% - 10:45
4 - 16% - 10% - 6:49
PP Forward
1 - 55% - 60% - 5:13
2 - 45% - 40% - 4:11
PP Defense
1 - 59% - 60% - 5:32
2 - 41% - 40% - 3:52
PK Forward
1 - 69% - 60% - 4:53
2 - 31% - 40% - 2:13
PK Defense
1 - 65% - 60% - 4:35
2 - 35% - 40% - 2:31
PK3 Forward
1 - 0% - 60%
2 - 0% - 40%
PK3 Defense
1 - 0% - 60%
2 - 0% - 40%
44 Forward
1 - 100% - 60% - 1:00
2 - 0% - 40% - 0:00
44 Defense
1 - 100% - 60% - 1:00
2 - 0% - 40% - 0:00
Last Minute Offensive  - 0:00
Last Minute Defensive  - 0:00
Total
Forward - 60:00
Defense - 60:00

% Time on Ice - Bruins

Lines # - Real PCT - Wanted PCT - Time Play
Normal Forward
1 - 39% - 40% - 16:37
2 - 32% - 30% - 13:43
3 - 19% - 20% - 8:08
4 - 9% - 10% - 4:02
Normal Defense
1 - 42% - 40% - 17:57
2 - 33% - 30% - 14:11
3 - 21% - 20% - 9:06
4 - 3% - 10% - 1:16
PP Forward
1 - 47% - 60% - 3:21
2 - 53% - 40% - 3:45
PP Defense
1 - 55% - 60% - 3:53
2 - 45% - 40% - 3:13
PK Forward
1 - 70% - 60% - 6:32
2 - 30% - 40% - 2:52
PK Defense
1 - 56% - 60% - 5:16
2 - 44% - 40% - 4:08
PK3 Forward
1 - 0% - 60%
2 - 0% - 40%
PK3 Defense
1 - 0% - 60%
2 - 0% - 40%
44 Forward
1 - 85% - 60% - 0:51
2 - 15% - 40% - 0:09
44 Defense
1 - 85% - 60% - 0:51
2 - 15% - 40% - 0:09
Last Minute Offensive  - 0:00
Last Minute Defensive  - 0:00
Total
Forward - 60:00
Defense - 60:00

Play by Play

1st period


0:01 of 1st period - Sam Gagner wins face-off versus David Krejci in neutral zone.
1:12 of 1st period - Off-side.
1:13 of 1st period - Carl Soderberg wins face-off versus Mark Arcobello in neutral zone.
1:40 of 1st period - Shot by Ryan Strome.
1:40 of 1st period - Shot Misses the Net.
1:42 of 1st period - Shot by Carl Soderberg.
1:42 of 1st period - Goal by Carl Soderberg - RedWings : 0 - Bruins : 1.
1:43 of 1st period - Joe Thornton wins face-off versus Patrice Bergeron in neutral zone.
1:45 of 1st period - Kevin Connauton is hit by John Carlson and loses puck.
2:08 of 1st period - Shot by Reilly Smith.
2:08 of 1st period - Goal by Reilly Smith - RedWings : 0 - Bruins : 2.
2:09 of 1st period - Ryan Spooner wins face-off versus Sam Gagner in neutral zone.
2:09 of 1st period - Ryan Spooner is hit by Sam Gagner.
2:23 of 1st period - Carl Hagelin is hit by Eric Brewer and loses puck.
2:39 of 1st period - Loui Eriksson is hit by Torey Krug and loses puck.
2:51 of 1st period - Off-side.
2:52 of 1st period - Joe Thornton wins face-off versus Patrice Bergeron in neutral zone.
2:52 of 1st period - Sean Bergenheim is hit by Andrew Ladd and loses puck.
2:54 of 1st period - Minor Penalty to Andrew Ladd for Roughing.
2:55 of 1st period - Patrice Bergeron wins face-off versus Mark Arcobello in Bruins zone.
3:01 of 1st period - Icing by Paul Martin.
3:02 of 1st period - Mark Arcobello wins face-off versus Patrice Bergeron in RedWings zone.
3:23 of 1st period - Shot by Sean Bergenheim.
3:23 of 1st period - Goal by Sean Bergenheim - RedWings : 1 - Bruins : 2.
3:24 of 1st period - David Krejci wins face-off versus Sam Gagner in neutral zone.
3:56 of 1st period - Shot by Loui Eriksson.
3:56 of 1st period - Deflect By Sam Gagner.
3:56 of 1st period - Goal by Sam Gagner - RedWings : 2 - Bruins : 2.
3:57 of 1st period - Joe Thornton wins face-off versus Andrew Ladd in neutral zone.
4:34 of 1st period - Icing by Hal Gill.
4:35 of 1st period - Joe Thornton wins face-off versus Carl Soderberg in RedWings zone.
4:52 of 1st period - Icing by Paul Martin.
4:53 of 1st period - Joe Thornton wins face-off versus Jakub Voracek in RedWings zone.
5:06 of 1st period - Joe Thornton is hit by David Krejci and loses puck.
5:16 of 1st period - Shot by Zach Parise.
5:16 of 1st period - Stopped by Roberto Luongo without a rebound.
5:17 of 1st period - Patrice Bergeron wins face-off versus Mark Arcobello in RedWings zone.
5:28 of 1st period - Shot by Andrew Ladd.
5:28 of 1st period - Shot Misses the Net.
5:30 of 1st period - Shot by Niklas Kronwall.
5:30 of 1st period - Stopped by Roberto Luongo without a rebound.
5:31 of 1st period - Sam Gagner wins face-off versus Carl Soderberg in RedWings zone.
6:11 of 1st period - Minor Penalty to Ondrej Palat for Hooking.
6:12 of 1st period - Joe Thornton wins face-off versus David Krejci in RedWings zone.
6:45 of 1st period - Shot by Jakub Voracek.
6:45 of 1st period - Shot Misses the Net.
6:47 of 1st period - Shot by John Carlson.
6:47 of 1st period - Stopped by Roberto Luongo without a rebound.
6:48 of 1st period - Sam Gagner wins face-off versus Ryan Spooner in RedWings zone.
6:48 of 1st period - Sam Gagner is hit by Andrew Ladd.
7:00 of 1st period - Shot by Johnny Boychuk.
7:00 of 1st period - Shot Misses the Net.
7:12 of 1st period - Shot by Andrew Ladd.
7:12 of 1st period - Shot Misses the Net.
7:18 of 1st period - Shot by Carl Soderberg.
7:18 of 1st period - Shot Misses the Net.
7:20 of 1st period - Shot by Johnny Boychuk.
7:20 of 1st period - Stopped by Roberto Luongo without a rebound.
7:21 of 1st period - David Krejci wins face-off versus Sam Gagner in RedWings zone.
7:40 of 1st period - Shot by David Krejci.
7:40 of 1st period - Deflect By Zach Parise.
7:40 of 1st period - Stopped by Roberto Luongo without a rebound.
7:41 of 1st period - Joe Thornton wins face-off versus Ryan Spooner in RedWings zone.
8:38 of 1st period - Shot by Jakub Voracek.
8:38 of 1st period - Shot Misses the Net.
9:11 of 1st period - Alexandre Burrows is hit by David Krejci and loses puck.
9:34 of 1st period - Icing by Johnny Boychuk.
9:35 of 1st period - Patrice Bergeron wins face-off versus Joe Thornton in Bruins zone.
9:58 of 1st period - Icing by Tuomo Ruutu.
9:59 of 1st period - Carl Soderberg wins face-off versus Joe Thornton in RedWings zone.
9:59 of 1st period - Jay Bouwmeester is hit by Hal Gill and loses puck.
10:13 of 1st period - Shot by Brad Marchand.
10:13 of 1st period - Shot Misses the Net.
10:15 of 1st period - Shot by Torey Krug.
10:15 of 1st period - Stopped by Roberto Luongo without a rebound.
10:16 of 1st period - Sam Gagner wins face-off versus Ryan Spooner in RedWings zone.
10:26 of 1st period - Eric Brewer is hit by Johnny Boychuk and loses puck.
10:45 of 1st period - Icing by Sam Gagner.
10:46 of 1st period - Sam Gagner wins face-off versus David Krejci in RedWings zone.
10:48 of 1st period - Icing by Ondrej Palat.
10:49 of 1st period - Sam Gagner wins face-off versus Zach Parise in RedWings zone.
10:49 of 1st period - Sam Gagner is hit by Zach Parise.
11:12 of 1st period - Minor Penalty to Eric Brewer for Interference.
11:13 of 1st period - Ryan Spooner wins face-off versus Joe Thornton in RedWings zone.
11:18 of 1st period - Shot by John Carlson.
11:18 of 1st period - Shot Misses the Net.
11:20 of 1st period - Shot by Carl Soderberg.
11:20 of 1st period - Shot Misses the Net.
11:22 of 1st period - Shot by John Carlson.
11:22 of 1st period - Deflect By Carl Soderberg.
11:22 of 1st period - Goal by Carl Soderberg - RedWings : 2 - Bruins : 3.
11:23 of 1st period - Joe Thornton wins face-off versus Andrew Ladd in neutral zone.
11:47 of 1st period - Minor Penalty to Andrew Ladd for Roughing.
11:48 of 1st period - Joe Thornton wins face-off versus Carl Hagelin in Bruins zone.
11:48 of 1st period - Paul Martin is hit by John Carlson and loses puck.
11:57 of 1st period - Shot by Jake Gardiner.
11:57 of 1st period - Shot Misses the Net.
12:58 of 1st period - Shot by Mark Fraser.
12:58 of 1st period - Shot Misses the Net.
13:00 of 1st period - Shot by Mark Fraser.
13:00 of 1st period - Shot Blocked by Jay Bouwmeester.
13:34 of 1st period - Shot by Carl Hagelin.
13:34 of 1st period - Stopped by Roberto Luongo without a rebound.
13:35 of 1st period - Patrice Bergeron wins face-off versus Loui Eriksson in RedWings zone.
14:02 of 1st period - Shot by Jakub Voracek.
14:02 of 1st period - Shot Misses the Net.
14:09 of 1st period - Jakub Voracek is hit by Mark Fraser and loses puck.
14:51 of 1st period - Off-side.
14:52 of 1st period - Patrice Bergeron wins face-off versus Sam Gagner in neutral zone.
15:02 of 1st period - Shot by Sam Gagner.
15:02 of 1st period - Shot Misses the Net.
15:55 of 1st period - Shot by Brad Marchand.
15:55 of 1st period - Shot Misses the Net.
16:41 of 1st period - Shot by Zach Parise.
16:41 of 1st period - Shot Blocked by Hal Gill.
17:25 of 1st period - Shot by Joe Thornton.
17:25 of 1st period - Stopped by Tuukka Rask with a rebound.
17:27 of 1st period - Shot by Eric Brewer.
17:27 of 1st period - Shot Misses the Net.
17:29 of 1st period - Shot by Eric Brewer.
17:29 of 1st period - Shot Misses the Net.
17:45 of 1st period - Minor Penalty to Ondrej Palat for Interference.
17:46 of 1st period - Joe Thornton wins face-off versus Ryan Spooner in RedWings zone.
18:08 of 1st period - Icing by Torey Krug.
18:09 of 1st period - Sam Gagner wins face-off versus Ryan Spooner in Bruins zone.
18:34 of 1st period - Shot by John Carlson.
18:34 of 1st period - Stopped by Roberto Luongo without a rebound.
18:35 of 1st period - Joe Thornton wins face-off versus David Krejci in RedWings zone.
18:43 of 1st period - Off-side.
18:44 of 1st period - Joe Thornton wins face-off versus David Krejci in neutral zone.
18:44 of 1st period - Minor Penalty to David Krejci for Tripping.
18:45 of 1st period - Tuomo Ruutu wins face-off versus Zach Parise in Bruins zone.
19:04 of 1st period - Shot by Zach Parise.
19:04 of 1st period - Shot Misses the Net.
19:57 of 1st period - Shot by Loui Eriksson.
19:57 of 1st period - Shot Misses the Net.
Goals for this period are 2 for RedWings vs 3 for Bruins.
Shots for this period are 3 for RedWings vs 11 for Bruins.

2nd period


0:01 of 2nd period - Joe Thornton wins face-off versus Patrice Bergeron in neutral zone.
0:10 of 2nd period - John Carlson is hit by Alexandre Burrows and loses puck.
0:15 of 2nd period - Shot by Joe Thornton.
0:15 of 2nd period - Shot Misses the Net.
0:17 of 2nd period - Shot by Jake Gardiner.
0:17 of 2nd period - Stopped by Tuukka Rask without a rebound.
0:18 of 2nd period - Mark Arcobello wins face-off versus Patrice Bergeron in Bruins zone.
0:35 of 2nd period - Shot by Eric Brewer.
0:35 of 2nd period - Shot Misses the Net.
0:43 of 2nd period - Shot by Mark Fraser.
0:43 of 2nd period - Stopped by Tuukka Rask without a rebound.
0:44 of 2nd period - Sam Gagner wins face-off versus Jakub Voracek in Bruins zone.
0:59 of 2nd period - Shot by David Krejci.
0:59 of 2nd period - Goal by David Krejci - RedWings : 2 - Bruins : 4.
0:59 of 2nd period - Thomas Greiss enters game.
1:00 of 2nd period - Joe Thornton wins face-off versus Carl Soderberg in neutral zone.
1:00 of 2nd period - Joe Thornton is hit by Brad Marchand.
1:34 of 2nd period - Shot by Sean Bergenheim.
1:34 of 2nd period - Shot Misses the Net.
1:36 of 2nd period - Shot by Jake Gardiner.
1:36 of 2nd period - Shot Blocked by Johnny Boychuk.
1:38 of 2nd period - Shot by Sean Bergenheim.
1:38 of 2nd period - Shot Blocked by Brad Marchand.
1:40 of 2nd period - Shot by Jake Gardiner.
1:40 of 2nd period - Stopped by Tuukka Rask without a rebound.
1:41 of 2nd period - Patrice Bergeron wins face-off versus Sam Gagner in Bruins zone.
1:56 of 2nd period - Shot by Reilly Smith.
1:56 of 2nd period - Shot Misses the Net.
1:58 of 2nd period - Shot by Patrice Bergeron.
1:58 of 2nd period - Shot Blocked by Loui Eriksson.
2:18 of 2nd period - Shot by Sam Gagner.
2:18 of 2nd period - Shot Blocked by Dougie Hamilton.
2:54 of 2nd period - Icing by Niklas Kronwall.
2:55 of 2nd period - Patrice Bergeron wins face-off versus Joe Thornton in Bruins zone.
3:03 of 2nd period - Niklas Kronwall and Eric Brewer fight to a draw.
3:03 of 2nd period - Penalty to Niklas Kronwall for Fighting.
3:03 of 2nd period - Penalty to Eric Brewer for Fighting.
3:04 of 2nd period - Joe Thornton wins face-off versus David Krejci in neutral zone.
3:15 of 2nd period - Shot by Zach Parise.
3:15 of 2nd period - Shot Misses the Net.
3:17 of 2nd period - Shot by Jakub Voracek.
3:17 of 2nd period - Goal by Jakub Voracek - RedWings : 2 - Bruins : 5.
3:18 of 2nd period - Mark Arcobello wins face-off versus Carl Soderberg in neutral zone.
3:36 of 2nd period - Icing by Torey Krug.
3:37 of 2nd period - Ondrej Palat wins face-off versus Carl Soderberg in Bruins zone.
3:40 of 2nd period - Shot by Loui Eriksson.
3:40 of 2nd period - Stopped by Tuukka Rask with a rebound.
3:51 of 2nd period - Shot by Brad Marchand.
3:51 of 2nd period - Stopped by Thomas Greiss without a rebound.
3:52 of 2nd period - Joe Thornton wins face-off versus David Krejci in RedWings zone.
3:54 of 2nd period - Icing by Jake Gardiner.
3:55 of 2nd period - David Krejci wins face-off versus Joe Thornton in RedWings zone.
4:57 of 2nd period - Off-side.
4:58 of 2nd period - Ryan Spooner wins face-off versus Mark Arcobello in neutral zone.
5:29 of 2nd period - Shot by Tyler Toffoli.
5:29 of 2nd period - Stopped by Tuukka Rask without a rebound.
5:30 of 2nd period - Patrice Bergeron wins face-off versus Sam Gagner in Bruins zone.
5:37 of 2nd period - Shot by Patrice Bergeron.
5:37 of 2nd period - Stopped by Thomas Greiss without a rebound.
5:38 of 2nd period - David Krejci wins face-off versus Sam Gagner in RedWings zone.
5:41 of 2nd period - Shot by David Krejci.
5:41 of 2nd period - Deflect By Zach Parise.
5:41 of 2nd period - Stopped by Thomas Greiss without a rebound.
5:42 of 2nd period - David Krejci wins face-off versus Sam Gagner in RedWings zone.
5:42 of 2nd period - David Krejci is hit by Hal Gill.
6:14 of 2nd period - Shot by Ondrej Palat.
6:14 of 2nd period - Shot Blocked by Dougie Hamilton.
6:39 of 2nd period - Icing by Sean Bergenheim.
6:40 of 2nd period - Patrice Bergeron wins face-off versus Joe Thornton in RedWings zone.
7:08 of 2nd period - Shot by Sean Bergenheim.
7:08 of 2nd period - Stopped by Tuukka Rask without a rebound.
7:09 of 2nd period - Mark Arcobello wins face-off versus Carl Soderberg in Bruins zone.
7:21 of 2nd period - Minor Penalty to Mark Fraser for Roughing.
7:22 of 2nd period - Joe Thornton wins face-off versus Ryan Spooner in RedWings zone.
7:57 of 2nd period - Shot by Carl Soderberg.
7:57 of 2nd period - Stopped by Thomas Greiss with a rebound.
8:03 of 2nd period - Shot by Torey Krug.
8:03 of 2nd period - Stopped by Thomas Greiss without a rebound.
8:04 of 2nd period - Joe Thornton wins face-off versus Jakub Voracek in RedWings zone.
9:29 of 2nd period - Shot by Andrew Ladd.
9:29 of 2nd period - Shot Blocked by Paul Martin.
9:41 of 2nd period - Shot by Tuomo Ruutu.
9:41 of 2nd period - Stopped by Tuukka Rask without a rebound.
9:42 of 2nd period - Carl Soderberg wins face-off versus Sam Gagner in Bruins zone.
9:42 of 2nd period - Carl Soderberg is hit by Ondrej Palat.
10:00 of 2nd period - Shot by Carl Soderberg.
10:00 of 2nd period - Stopped by Thomas Greiss without a rebound.
10:01 of 2nd period - Mark Arcobello wins face-off versus Patrice Bergeron in RedWings zone.
10:01 of 2nd period - Mark Arcobello is hit by Andrew Ladd.
10:16 of 2nd period - Shot by Patrice Bergeron.
10:16 of 2nd period - Deflect By Andrew Ladd.
10:16 of 2nd period - Stopped by Thomas Greiss without a rebound.
10:17 of 2nd period - Carl Soderberg wins face-off versus Sam Gagner in RedWings zone.
11:21 of 2nd period - Zach Parise is hit by Tuomo Ruutu and loses puck.
11:45 of 2nd period - Shot by Jakub Voracek.
11:45 of 2nd period - Shot Misses the Net.
11:47 of 2nd period - Shot by Johnny Boychuk.
11:47 of 2nd period - Stopped by Thomas Greiss with a rebound.
11:59 of 2nd period - Shot by Jakub Voracek.
11:59 of 2nd period - Stopped by Thomas Greiss without a rebound.
12:00 of 2nd period - Patrice Bergeron wins face-off versus Alexandre Burrows in RedWings zone.
12:03 of 2nd period - Shot by Andrew Ladd.
12:03 of 2nd period - Shot Blocked by Eric Brewer.
12:11 of 2nd period - Shot by Tyler Toffoli.
12:11 of 2nd period - Shot Misses the Net.
12:18 of 2nd period - Mark Arcobello is hit by Torey Krug and loses puck.
12:21 of 2nd period - Shot by Eric Brewer.
12:21 of 2nd period - Shot Misses the Net.
13:07 of 2nd period - Shot by Sam Gagner.
13:07 of 2nd period - Goal by Sam Gagner - RedWings : 3 - Bruins : 5.
13:08 of 2nd period - David Krejci wins face-off versus Joe Thornton in neutral zone.
13:08 of 2nd period - David Krejci is hit by Tuomo Ruutu.
13:20 of 2nd period - Shot by Jakub Voracek.
13:20 of 2nd period - Shot Misses the Net.
13:33 of 2nd period - Mark Fraser is hit by Dougie Hamilton and loses puck.
13:44 of 2nd period - Mark Fraser is hit by Zach Parise and loses puck.
13:53 of 2nd period - Shot by Zach Parise.
13:53 of 2nd period - Stopped by Thomas Greiss without a rebound.
13:54 of 2nd period - Sam Gagner wins face-off versus Ryan Spooner in RedWings zone.
14:26 of 2nd period - Carl Hagelin is hit by Ondrej Palat and loses puck.
16:18 of 2nd period - Shot by Tuomo Ruutu.
16:18 of 2nd period - Goal by Tuomo Ruutu - RedWings : 4 - Bruins : 5.
16:19 of 2nd period - Sam Gagner wins face-off versus Ryan Strome in neutral zone.
16:29 of 2nd period - Shot by Johnny Boychuk.
16:29 of 2nd period - Deflect By Ryan Strome.
16:29 of 2nd period - Shot Blocked by Hal Gill.
16:43 of 2nd period - Shot by Loui Eriksson.
16:43 of 2nd period - Stopped by Tuukka Rask without a rebound.
16:44 of 2nd period - Joe Thornton wins face-off versus David Krejci in Bruins zone.
16:52 of 2nd period - Joe Thornton is hit by Dougie Hamilton and loses puck.
16:55 of 2nd period - Shot by Joe Thornton.
16:55 of 2nd period - Stopped by Tuukka Rask without a rebound.
16:56 of 2nd period - Sam Gagner wins face-off versus Ryan Spooner in Bruins zone.
16:59 of 2nd period - Shot by Loui Eriksson.
16:59 of 2nd period - Shot Misses the Net.
17:12 of 2nd period - Icing by John Carlson.
17:13 of 2nd period - Ryan Spooner wins face-off versus Tuomo Ruutu in Bruins zone.
17:18 of 2nd period - Paul Martin is hit by Carl Hagelin and loses puck.
17:22 of 2nd period - Minor Penalty to Mark Fraser for Holding.
17:23 of 2nd period - David Krejci wins face-off versus Joe Thornton in RedWings zone.
18:22 of 2nd period - Shot by Sam Gagner.
18:22 of 2nd period - Stopped by Tuukka Rask without a rebound.
18:23 of 2nd period - Andrew Ladd wins face-off versus Joe Thornton in Bruins zone.
19:38 of 2nd period - Shot by Andrew Ladd.
19:38 of 2nd period - Stopped by Thomas Greiss with a rebound.
19:51 of 2nd period - Shot by Patrice Bergeron.
19:51 of 2nd period - Shot Blocked by Paul Martin.
19:53 of 2nd period - Shot by Patrice Bergeron.
19:53 of 2nd period - Shot Misses the Net.
19:55 of 2nd period - Shot by Niklas Kronwall.
19:55 of 2nd period - Stopped by Thomas Greiss without a rebound.
19:56 of 2nd period - Sam Gagner wins face-off versus Jakub Voracek in RedWings zone.
Goals for this period are 2 for RedWings vs 2 for Bruins.
Shots for this period are 12 for RedWings vs 14 for Bruins.

3rd period


0:01 of 3rd period - David Krejci wins face-off versus Loui Eriksson in neutral zone.
0:33 of 3rd period - Shot by David Krejci.
0:33 of 3rd period - Stopped by Thomas Greiss without a rebound.
0:34 of 3rd period - Patrice Bergeron wins face-off versus Joe Thornton in RedWings zone.
1:41 of 3rd period - Shot by Ondrej Palat.
1:41 of 3rd period - Shot Misses the Net.
2:42 of 3rd period - Jake Gardiner is hit by Jay Bouwmeester and loses puck.
2:44 of 3rd period - Minor Penalty to Torey Krug for Roughing.
2:45 of 3rd period - Patrice Bergeron wins face-off versus Mark Arcobello in Bruins zone.
2:54 of 3rd period - Shot by Sean Bergenheim.
2:54 of 3rd period - Stopped by Tuukka Rask without a rebound.
2:55 of 3rd period - Joe Thornton wins face-off versus Patrice Bergeron in Bruins zone.
2:58 of 3rd period - Shot by Paul Martin.
2:58 of 3rd period - Shot Blocked by Johnny Boychuk.
3:00 of 3rd period - Shot by Joe Thornton.
3:00 of 3rd period - Deflect By Loui Eriksson.
3:00 of 3rd period - Shot Blocked by Carl Hagelin.
3:02 of 3rd period - Shot by Alexandre Burrows.
3:02 of 3rd period - Shot Blocked by Carl Hagelin.
3:04 of 3rd period - Shot by Joe Thornton.
3:04 of 3rd period - Deflect By Loui Eriksson.
3:04 of 3rd period - Shot Blocked by Patrice Bergeron.
3:06 of 3rd period - Shot by Paul Martin.
3:06 of 3rd period - Shot Blocked by Johnny Boychuk.
3:46 of 3rd period - Shot by Eric Brewer.
3:46 of 3rd period - Stopped by Tuukka Rask with a rebound.
4:00 of 3rd period - Shot by Sean Bergenheim.
4:00 of 3rd period - Shot Misses the Net.
4:07 of 3rd period - Icing by Eric Brewer.
4:08 of 3rd period - Mark Arcobello wins face-off versus Carl Soderberg in RedWings zone.
4:08 of 3rd period - Mark Arcobello is hit by Andrew Ladd.
4:38 of 3rd period - Shot by Jake Gardiner.
4:38 of 3rd period - Stopped by Tuukka Rask without a rebound.
4:39 of 3rd period - Joe Thornton wins face-off versus Patrice Bergeron in Bruins zone.
4:40 of 3rd period - Shot by Jake Gardiner.
4:40 of 3rd period - Stopped by Tuukka Rask with a rebound.
5:08 of 3rd period - Shot by Tyler Toffoli.
5:08 of 3rd period - Shot Blocked by Dougie Hamilton.
5:10 of 3rd period - Shot by Tyler Toffoli.
5:10 of 3rd period - Stopped by Tuukka Rask without a rebound.
5:11 of 3rd period - Sam Gagner wins face-off versus Patrice Bergeron in Bruins zone.
5:16 of 3rd period - Shot by Loui Eriksson.
5:16 of 3rd period - Stopped by Tuukka Rask without a rebound.
5:17 of 3rd period - Patrice Bergeron wins face-off versus Sam Gagner in Bruins zone.
5:26 of 3rd period - Shot by Reilly Smith.
5:26 of 3rd period - Stopped by Thomas Greiss with a rebound.
5:36 of 3rd period - Shot by Andrew Ladd.
5:36 of 3rd period - Shot Hit the Post.
5:48 of 3rd period - Shot by Patrice Bergeron.
5:48 of 3rd period - Shot Blocked by Jake Gardiner.
6:40 of 3rd period - Sean Bergenheim is hit by Dougie Hamilton.
6:51 of 3rd period - Shot by Joe Thornton.
6:51 of 3rd period - Deflect By Sean Bergenheim.
6:51 of 3rd period - Stopped by Tuukka Rask without a rebound.
6:52 of 3rd period - Mark Arcobello wins face-off versus Carl Soderberg in Bruins zone.
7:14 of 3rd period - Shot by Tyler Toffoli.
7:14 of 3rd period - Stopped by Tuukka Rask with a rebound.
7:24 of 3rd period - Shot by Tyler Toffoli.
7:24 of 3rd period - Stopped by Tuukka Rask without a rebound.
7:25 of 3rd period - Patrice Bergeron wins face-off versus Joe Thornton in Bruins zone.
7:25 of 3rd period - Patrice Bergeron is hit by Tuomo Ruutu.
7:34 of 3rd period - Patrice Bergeron is hit by Mark Fraser and loses puck.
7:55 of 3rd period - Shot by Kevin Connauton.
7:55 of 3rd period - Stopped by Tuukka Rask without a rebound.
7:56 of 3rd period - Sam Gagner wins face-off versus Jakub Voracek in Bruins zone.
8:15 of 3rd period - Shot by David Krejci.
8:15 of 3rd period - Shot Misses the Net.
10:14 of 3rd period - Icing by Brad Marchand.
10:15 of 3rd period - Carl Soderberg wins face-off versus Sam Gagner in Bruins zone.
10:21 of 3rd period - Carl Soderberg is hit by Ondrej Palat and loses puck.
10:29 of 3rd period - Minor Penalty to Ryan Strome for Roughing.
10:30 of 3rd period - Patrice Bergeron wins face-off versus Joe Thornton in Bruins zone.
10:36 of 3rd period - Icing by Paul Martin.
10:37 of 3rd period - Patrice Bergeron wins face-off versus Joe Thornton in RedWings zone.
11:56 of 3rd period - Shot by Patrice Bergeron.
11:56 of 3rd period - Stopped by Thomas Greiss without a rebound.
11:57 of 3rd period - Alexandre Burrows wins face-off versus Andrew Ladd in RedWings zone.
12:06 of 3rd period - Shot by Jake Gardiner.
12:06 of 3rd period - Stopped by Tuukka Rask without a rebound.
12:07 of 3rd period - Loui Eriksson wins face-off versus Carl Soderberg in Bruins zone.
12:14 of 3rd period - Shot by Joe Thornton.
12:14 of 3rd period - Stopped by Tuukka Rask with a rebound.
12:20 of 3rd period - Shot by Loui Eriksson.
12:20 of 3rd period - Shot Misses the Net.
12:22 of 3rd period - Shot by Loui Eriksson.
12:22 of 3rd period - Deflect By Joe Thornton.
12:22 of 3rd period - Stopped by Tuukka Rask without a rebound.
12:23 of 3rd period - Patrice Bergeron wins face-off versus Mark Arcobello in Bruins zone.
13:09 of 3rd period - Shot by Zach Parise.
13:09 of 3rd period - Shot Misses the Net.
13:45 of 3rd period - Icing by Eric Brewer.
13:46 of 3rd period - Patrice Bergeron wins face-off versus Joe Thornton in RedWings zone.
13:47 of 3rd period - Shot by Andrew Ladd.
13:47 of 3rd period - Stopped by Thomas Greiss without a rebound.
13:48 of 3rd period - Mark Arcobello wins face-off versus Patrice Bergeron in RedWings zone.
13:48 of 3rd period - Mark Arcobello is hit by Andrew Ladd.
13:53 of 3rd period - Tyler Toffoli is hit by Johnny Boychuk and loses puck.
13:59 of 3rd period - Icing by Patrice Bergeron.
14:00 of 3rd period - Joe Thornton wins face-off versus Patrice Bergeron in Bruins zone.
14:08 of 3rd period - Minor Penalty to Johnny Boychuk for Roughing.
14:09 of 3rd period - Patrice Bergeron wins face-off versus Joe Thornton in Bruins zone.
14:36 of 3rd period - Shot by Paul Martin.
14:36 of 3rd period - Shot Misses the Net.
14:54 of 3rd period - Shot by Loui Eriksson.
14:54 of 3rd period - Shot Misses the Net.
15:44 of 3rd period - Andrew Ladd is hit by Sean Bergenheim and loses puck.
17:23 of 3rd period - Shot by Torey Krug.
17:23 of 3rd period - Stopped by Thomas Greiss without a rebound.
17:24 of 3rd period - Ryan Spooner wins face-off versus Mark Arcobello in RedWings zone.
17:29 of 3rd period - Shot by Ryan Spooner.
17:29 of 3rd period - Stopped by Thomas Greiss without a rebound.
17:30 of 3rd period - Tyler Toffoli wins face-off versus Ryan Spooner in RedWings zone.
17:30 of 3rd period - Tyler Toffoli is hit by Brock Nelson.
18:00 of 3rd period - Shot by Brock Nelson.
18:00 of 3rd period - Stopped by Thomas Greiss without a rebound.
18:01 of 3rd period - David Krejci wins face-off versus Sam Gagner in RedWings zone.
18:20 of 3rd period - Shot by Torey Krug.
18:20 of 3rd period - Goal by Torey Krug - RedWings : 4 - Bruins : 6.
18:21 of 3rd period - Joe Thornton wins face-off versus Patrice Bergeron in neutral zone.
18:35 of 3rd period - Shot by Sean Bergenheim.
18:35 of 3rd period - Shot Misses the Net.
18:49 of 3rd period - Shot by Reilly Smith.
18:49 of 3rd period - Stopped by Thomas Greiss with a rebound.
19:54 of 3rd period - Icing by David Krejci.
19:55 of 3rd period - Sam Gagner wins face-off versus David Krejci in Bruins zone.
Goals for this period are 0 for RedWings vs 1 for Bruins.
Shots for this period are 13 for RedWings vs 9 for Bruins.


Output by the SimonT Hockey Simulator (STHS) for Stephane Roy -- Original Page W3C XHTML 1.0 Valid
Hockey Simulator - Hockey Simulation - Hockey Manager